 Dungeon Crawl Stone Soup version 0.28.0-45-g0d030f2227 (webtiles) character file.

Game seed: 6884683088213270287

5098 Zeor the Spear-Bearer (level 10, -7/135 HPs)
             Began as a Pale Draconian Berserker on Apr 8, 2022.
             Was an Elder of Trog.
             Killed from afar by Maggie (27 damage)
             ... with a bolt of fire
             ... on level 9 of the Dungeon.
             The game lasted 00:32:09 (8722 turns).

Zeor the Spear-Bearer (Pale Draconian Berserker)    Turns: 8722, Time: 00:32:09

Health: -7/135     AC: 10    Str: 19    XL:     10   Next: 32%
Magic:  10/10      EV: 16    Int:  8    God:    Trog [****..]
Gold:   532        SH:  0    Dex: 15    Spells: 9/9 levels left

rFire   . . .      SeeInvis .   y - +0 glaive
rCold   . . .      Faith    .   (shield currently unavailable)
rNeg    . . .      Spirit   .   (armour unavailable)
rPois   .          Reflect  .   (helmet restricted)
rElec   .          Harm     .   (no cloak)
rCorr   .          Rampage  .   k - +0 pair of gloves
Will    .....                   c - +1 pair of boots
Stlth   ..........              z - amulet of magic regeneration
HPRegen 0.32/turn               (no ring)
MPRegen 0.52/turn               (no ring)

@: berserking (expiring), very quick
A: breathe steam, AC +7, unfitting armour, cold-blooded, steam resistance
a: Breathe Steam, Renounce Religion, Berserk, Trog's Hand, Brothers in Arms


You were on level 9 of the Dungeon.
You worshipped Trog.
Trog was greatly pleased with you.
You visited 1 branch of the dungeon, and saw 9 of its levels.

You collected 532 gold pieces.

Inventory:

Hand Weapons
 a - a +1 spear of protection
 h - a +0 halberd
 o - a +1 hand axe of flaming
 t - a +1 antimagic quarterstaff
 y - a +0 glaive (weapon)
Missiles
 b - 136 arrows
 i - 5 silver boomerangs
 p - 8 boomerangs
 x - 2 curare-tipped darts
 B - 2 javelins
Armour
 c - a +1 pair of boots (worn)
 k - a +0 pair of gloves (worn)
 u - an orb of light
Jewellery
 e - an amulet of guardian spirit
 n - a ring of fire
 q - an amulet of regeneration
 z - an amulet of magic regeneration (around neck)
Wands
 d - a wand of flame (51)
 v - a wand of digging (3)
Scrolls
 l - a scroll of fog
 m - a scroll of magic mapping
 s - 2 scrolls of teleportation
 A - a scroll of blinking
Potions
 f - a potion of lignification
 g - a potion of curing
 j - 2 potions of mutation
 r - 3 potions of heal wounds
 w - 3 potions of might


   Skills:
 * Level 8.8 Fighting
 + Level 10.1 Polearms
 * Level 8.2 Dodging
 + Level 4.0 Stealth


You had 9 spell levels left.
You didn't know any spells.
Your spell library was empty.

Dungeon Overview and Level Annotations

Branches:
Dungeon (9/15)             Temple (0/1) D:6
   Lair: D:8-11         Orc: D:9-12

Altars:
Fedhas
Nemelex Xobeh
Okawaru
Qazlal
Ru
Sif Muna
Uskayaw
Vehumet
Zin

Shops:
D:1 =:?:

Annotations:
D:4 exclusion: door
D:6 2 runed translucent doors, sanboga's ghost, novice GrFi
D:9 Maggie


Innate Abilities, Weirdness & Mutations

You can breathe blasts of scalding, opaque steam.
Your pale cyan-grey scales are hard. (AC +7)
You cannot fit into any form of body armour.
You are cold-blooded and may be slowed by cold attacks.
You are immune to the effects of steam.


Message History

You are too injured to fight recklessly!
You are too injured to fight recklessly!
The centaur unwields a +0 shortbow.
The centaur hits you.
The centaur kicks you but does no damage.
Maggie hits you with a +2 glaive of flaming.
Maggie burns you.
There is an open door, spattered with blood here.
Things that are here:
a +0 giant spiked club; a +0 giant spiked club; a two-headed ogre corpse You slice the centaur!!
The centaur is almost dead.
The centaur hits you but does no damage.
The centaur kicks you.
You slash the centaur!
You kill the centaur!
Trog accepts your kill.
Maggie mumbles some strange words.
You barely miss Maggie. You tail-slap Maggie.
Maggie is lightly wounded.
Maggie hits you with a +2 glaive of flaming.
* * * LOW HITPOINT WARNING * * *
Maggie burns you.
* * * LOW HITPOINT WARNING * * *
You hit Maggie.
Maggie is lightly wounded.
You have got your breath back.
Maggie hits you with a +2 glaive of flaming!
* * * LOW HITPOINT WARNING * * *
Maggie burns you.
* * * LOW HITPOINT WARNING * * *
You completely miss Maggie.
Your tail-slap misses Maggie.
Maggie is lightly wounded.
You closely miss Maggie.
Your tail-slap misses Maggie.
Maggie is lightly wounded.
Maggie misses you.
You slice Maggie!!
Maggie is heavily wounded.
Maggie points at you and mumbles some strange words.
The bolt of fire hits you!!
You die... ∙∙K∙∙∙ ∙∙∙▒▒▒▒∙∙c∙∙∙∙∙▒∙▒▒∙▒▒∙▒∙ ∙∙K∙∙∙

∙∙∙∙∙∙∙∙∙∙@∙∙∙∙∙▒∙∙∙▒∙∙∙
∙▒▒▒▒■▒▒▒∙∙∙∙∙∙∙▒▒▒▒▒∙▒▒▒O▄∙▒▒▒∙
∙▒ ∙'∙∙∙∙∙▒∙▒∙∙∙∙∙∙∙∙∙∙∙∙∙∙∙ ∙▒
▒$∙∙∙∙▒∙▒∙∙∙∙∙∙▒∙∙∙∙∙∙∙∙
▒∙∙∙∙∙▒∙▒∙∙∙<∙∙▒∙∙∙∙∙∙∙∙
▒∙∙∙∙∙▒∙▒∙∙∙∙∙∙▒▒■▒▒▒▒▒▒
▒∙∙∙∙∙∙@▒∙∙∙∙∙∙▒
▒∙∙∙∙∙∙)d∙∙∙∙∙∙▒
▒∙∙∙▒▒∙∙▒▒▒▒▒▒▒▒
▒∙∙∙▒▒∙∙∙∙∙∙∙∙∙∙
▒∙∙†∙∙∙∙∙∙∙∙∙∙∙∙
▒∙∙∙∙∙∙∙∙∙∙∙∙∙∙∙
▒∙∙∙∙∙∙▒∙∙∙∙∙∙∙∙▒▒▒▒▒
▒▒∙∙∙∙∙∙▒▒▒▒■▒▒▒∙▒
∙■∙∙∙∙∙∙∙∙∙∙∙∙∙▒∙▒ ∙∙
∙▒∙∙∙∙∙∙∙∙∙∙∙∙∙▒∙▒▒▒▒▒∙∙


You could see Maggie.

Vanquished Creatures
  A two-headed ogre (D:9)
  A troll (shapeshifter) (D:9)
  A yak (D:7)
  A wraith (D:7)
  A wyvern (D:9)
  2 steam dragons
  A vampire mosquito (D:7)
  Menkaure (D:5)
  Duvessa (D:7)
  3 water moccasins
  3 orc warriors
  A sky beast (D:8)
  2 black bears
  3 necrophages
  2 ogres
  2 centaurs
  2 phantoms
  Blork the orc (D:5)
  3 bullfrogs
  A wyvern zombie (D:6)
  3 scorpions
  2 water moccasin zombies (D:6)
  A wyvern skeleton (D:7)
  5 killer bees (D:5)
  Dowan (D:7)
  A wight (D:7)
  A centaur zombie (D:7)
  2 hounds
  2 orc priests
  A centaur skeleton (D:5)
  A gnoll shaman (D:6)
  4 iguanas
  4 orc wizards
  Natasha (thrice) (D:2)
  A hound skeleton (D:5)
  4 adders
  10 gnolls
  2 white imps
  An ufetubus (D:4)
  3 adder skeletons
  6 worms
  A dart slug (D:2)
  29 orcs
  8 endoplasms
  A giant cockroach (D:3)
  5 goblins
  4 hobgoblins
  6 kobolds
  2 quokkas
  6 ball pythons
  3 bats
  2 frilled lizards (D:2)
  5 rats
163 creatures vanquished.

Notes
Turn   | Place    | Note
-------+----------+-------------------------------------------
     0 | D:1      | Zeor the Draconian Berserker began the quest for the Orb.
     0 | D:1      | Reached XP level 1. HP: 19/19 MP: 1/1
   125 | D:1      | Found Qeje's Jewellery Boutique.
   219 | D:1      | Found Temp's Book Shoppe.
   325 | D:1      | Found Zotoem's Book Shop.
   469 | D:1      | Found Jiuneat's Magic Scroll Shoppe.
   497 | D:1      | Reached XP level 2. HP: 26/26 MP: 2/2
  1081 | D:2      | Reached XP level 3. HP: 30/31 MP: 3/3
  1514 | D:2      | Noticed Natasha
  1541 | D:2      | Killed Natasha
  1542 | D:2      | Reached skill level 4 in Polearms
  1646 | D:2      | Noticed Natasha
  1656 | D:2      | Killed Natasha
  1657 | D:2      | Reached XP level 4. HP: 40/40 MP: 4/4
  1811 | D:2      | Noticed Natasha
  1824 | D:2      | Killed Natasha
  1918 | D:3      | Reached ** piety under Trog
  2018 | D:3      | Found a faded altar of an unknown god.
  2067 | D:3      | You fall into a shaft and drop 1 floor!
  2150 | D:4      | Reached XP level 5. HP: 33/46 MP: 5/5
  2245 | D:4      | Found a stormy altar of Qazlal.
  2596 | D:3      | Reached skill level 5 in Polearms
  3272 | D:4      | Noticed a necrophage
  3286 | D:4      | Killed a necrophage
  3287 | D:4      | Reached skill level 1 in Stealth
  3287 | D:4      | Reached XP level 6. HP: 36/53 MP: 6/6
  3971 | D:4      | Reached *** piety under Trog
  4166 | D:5      | Entered Level 5 of the Dungeon
  4256 | D:5      | Found a hide-covered altar of Uskayaw.
  4267 | D:5      | Found a radiant altar of Vehumet.
  4469 | D:5      | Your scales start taking on a pale cyan-grey colour.
  4469 | D:5      | Reached XP level 7. HP: 46/60 MP: 7/7
  4469 | D:5      | Gained mutation: You are immune to the effects of steam.
                  | [Pale Draconian growth]
  4619 | D:5      | Reached skill level 5 in Fighting
  4619 | D:5      | Reached skill level 6 in Polearms
  4794 | D:5      | Noticed Blork the orc
  4800 | D:5      | Killed Blork the orc
  4806 | D:5      | Found a shimmering blue altar of Sif Muna.
  4954 | D:5      | Found a sparkling altar of Nemelex Xobeh.
  5066 | D:5      | Reached skill level 7 in Polearms
  5094 | D:5      | Found a sacrificial altar of Ru.
  5115 | D:5      | Reached skill level 5 in Dodging
  5115 | D:5      | Reached XP level 8. HP: 68/70 MP: 8/8
  5119 | D:5      | Noticed Menkaure
  5125 | D:5      | Killed Menkaure
  5649 | D:6      | Reached **** piety under Trog
  5671 | D:6      | Reached skill level 8 in Polearms
  5706 | D:6      | Found a staircase to the Ecumenical Temple.
  5831 | D:6      | Found a large runed translucent door.
  5850 | D:6      | Found a large runed translucent door.
  5851 | D:6      | Noticed sanboga's ghost (novice GrFi)
  6387 | D:7      | Reached XP level 9. HP: 71/79 MP: 9/9
  6924 | D:7      | Noticed Dowan
  6932 | D:7      | Killed Dowan
  6936 | D:7      | Noticed Duvessa
  6948 | D:7      | Killed Duvessa
  6949 | D:7      | Reached skill level 9 in Polearms
  7099 | D:7      | Noticed a death knight
  7099 | D:7      | Noticed a red ugly thing
  7099 | D:7      | Noticed a two-headed ogre
  7099 | D:7      | Noticed a skeletal warrior
  7099 | D:7      | Noticed a boulder beetle
  7099 | D:7      | Noticed a troll
  7790 | D:8      | Reached XP level 10. HP: 72/88 MP: 6/10
  8263 | D:9      | Found an iron altar of Okawaru.
  8269 | D:9      | Found a glowing silver altar of Zin.
  8291 | D:9      | Noticed Maggie
  8295 | D:9      | Noticed a two-headed ogre
  8661 | D:9      | Found a blossoming altar of Fedhas.
  8713 | D:9      | Killed a two-headed ogre
  8714 | D:9      | Reached skill level 10 in Polearms
  8722 | D:9      | Killed from afar by Maggie

Illustrated notes

Levels and vault maps discovered:
D:1:      lemuel_arrival_hallway, layout_loops_corners, serial_shops,
          nicolae_shop_advertising_works [nicolae_subvault_shop_adworks], shop,
          nicolae_shop_stone, shop
D:2:      layout_basic, uniq_natasha
D:3:      minmay_evil_eye, layout_basic, shapermc_ecumenical_altar_rom_forum
D:4:      minmay_bubble_buster, layout_gridville,
          nicolae_qazlal_scattered_showers, kennysheep_small_spiral,
          kennysheep_generic_room_8
D:5:      layout_basic, mainiacjoe_overflow_alcove_2, amcnicky_altar_gilded,
          tgw_sif, lemuel_doored_altar, mainiacjoe_overflow_small_starburst,
          minmay_misc_feat_doors, uniq_menkaure
D:6:      layout_basic, temple_green, ebering_ghost_disaster_area
D:7:      minmay_the_grid_octo_2x2 [minmay_the_grid_octo_focus,
          minmay_the_grid_octo_empty, minmay_the_grid_octo_fat_diamond,
          minmay_the_grid_octo_prize_big_c], layout_basic, uniq_duvessa
D:8:      layout_basic, grunt_ministairs_9
D:9:      layout_stronghold, lemuel_tele_altar, mainiacjoe_overflow_boulevard,
          mainiacjoe_overflow_large_starburst, hangedman_abyss_or_decor_stagger,
          grunt_decor_clamped, uniq_maggie

Skill      XL: |  1  2  3  4  5  6  7  8  9 10 |
---------------+-------------------------------+-----
Dodging        | 3 4 5 6 7 8 |  8.2
Polearms       | 4 5 7 8 9 10 | 10.1
Fighting       | 4 5 7 8 |  8.8
Stealth        | 1 2 3 4 |  4.0

Action                   |  1- 3 |  4- 6 |  7- 9 | 10-12 || total
-------------------------+-------+-------+-------+-------++-------
Melee: Spear             |   100 |   315 |   174 |       ||   589
       Tailslap          |    12 |    48 |    39 |     4 ||   103
       Punch             |     3 |     6 |     1 |       ||    10
       Halberd           |       |       |    76 |       ||    76
       Glaive            |       |       |     5 |    36 ||    41
Invok: Berserk           |     1 |       |     3 |     2 ||     6
 Abil: Breathe Steam     |       |       |    24 |     3 ||    27
Evoke: Wand              |       |       |     1 |       ||     1
  Use: Scroll            |     4 |     5 |     6 |     2 ||    17
       Potion            |       |     1 |       |       ||     1
 Stab: Sleeping          |     1 |     4 |     4 |       ||     9
       Distracted        |       |       |     1 |       ||     1
Armor: Skin              |    21 |    79 |    67 |    12 ||   179
Dodge: Dodged            |    35 |   137 |   134 |    46 ||   352
